 Dungeon Crawl Stone Soup version 0.29.0-4-gdea44cf6ec (webtiles) character file.

Game seed: 4218008243344573966

7269 qw the Grappler (level 10, -5/96 HPs)
             Began as a Troll Cinder Acolyte on Sept 1, 2022.
             Was an Initiate of Okawaru.
             Slain by a fire elemental (12 damage)
             ... created by the fiery vengeance of Ignis
             ... on level 1 of the Lair of Beasts.
             The game lasted 00:04:17 (7542 turns).

qw the Grappler (Troll Cinder Acolyte)              Turns: 7542, Time: 00:04:17

Health: -5/96      AC:  4    Str: 28    XL:     10   Next: 89%
Magic:  10/10      EV:  8    Int: 10    God:    Okawaru [......]
Gold:   469        SH:  9    Dex:  5    Spells: 11/11 levels left

rFire   . . .      SeeInvis .     - Unarmed
rCold   . . .      Faith    .   k - +0 kite shield
rNeg    + . .      Spirit   .   a - +0 robe
rPois   .          Reflect  .   (helmet restricted)
rElec   .          Harm     .   f - scarf {repulsion}
rCorr   .          Rampage  .   (gloves unavailable)
Will    .....                   (boots unavailable)
Stlth   +.........              (no amulet)
HPRegen 1.06/turn               g - ring of positive energy
MPRegen 0.12/turn               (no ring)

@: slowed, repel missiles, fire susceptible, very slow
A: large, unfitting armour, claws 3, regeneration 1, shaggy fur 1, tough skin 1
a: Renounce Religion


You were on level 1 of the Lair of Beasts.
You worshipped Okawaru.
Okawaru was noncommittal.
You visited 2 branches of the dungeon, and saw 10 of its levels.

You collected 469 gold pieces.


Innate Abilities, Weirdness & Mutations

You are too large for most types of armour.
You have claws for hands.
Your natural rate of healing is unusually fast.
You are covered in fur. (AC +1)
You have tough skin. (AC +1)


   Skills:
 - Level 5.3 Fighting
 - Level 1.6 Throwing
 - Level 1.0 Dodging
 - Level 9.2 Shields
 + Level 12.3 Unarmed Combat
 - Level 1.0 Spellcasting
 - Level 2.1 Fire Magic


You had 11 spell levels left.
You didn't know any spells.
Your spell library contained the following spells:

 Spells                   Type           Power      Damage    Failure   Level
 Scorch                   Fire           8%         2d5       38%         2

Inventory:

Missiles
 e - 5 boomerangs (quivered)
Armour
 a - a +0 robe (worn)
 f - a scarf of repulsion (worn)
 k - a +0 kite shield (worn)
Jewellery
 b - a ring of ice
 g - a ring of positive energy (left claw)
Scrolls
 c - a scroll of identify
Potions
 d - a potion of resistance
 h - 4 potions of curing
 i - 2 potions of haste
 l - a potion of might
 o - a potion of mutation
 p - a potion of flight {unknown}

Dungeon Overview and Level Annotations

Branches:
Dungeon (9/15)             Temple (0/1) D:4            Lair (1/5) D:9
    Orc: D:9-12

Altars:
Dithmenos
Gozag
Okawaru
Qazlal
Ru
Trog
Uskayaw
Zin
The Shining One

Shops:
D:4 *:   D:6 *

Portals:
Abyss: D:4

Annotations:
D:4 2 transporters, qw's ghost, amateur TeWr
D:6 1 runed translucent door, qw's ghost, novice TrCA


Message History

"These will know how to inflict the punishment due to you!"
The divine experience drains your vigour!
You feel yourself slow down. 3 fire elementals come into view.
7536 ||| Stepping ~*~*~tactically~*~*~ (outnumbered).
The fire elemental moves out of view.
Throw: 5 boomerangs
Press: ? - help, Q - select action Shift-Dir - straight line, f - fire elemental You throw a boomerang.
The boomerang hits the fire elemental.
The fire elemental is lightly damaged.
The fire elemental barely misses you.
You completely miss the fire elemental.
The fire elemental is lightly damaged.
The fire elemental barely misses you. The fire elemental hits you.
The fire elemental burns you! The fire elemental closely misses you.
You block the fire elemental's attack.
The fire elemental closely misses you. x2
You claw the fire elemental!
The fire elemental is heavily damaged.
The fire elemental hits you. The fire elemental burns you!
The fire elemental barely misses you. x2; You block the fire elemental's attack.
The fire elemental hits you. The fire elemental burns you!
You claw the fire elemental!
The fire elemental is almost destroyed.
The fire elemental hits you. The fire elemental burns you!
You block the fire elemental's attack. x2; The fire elemental hits you.
The fire elemental burns you!
You scratch the fire elemental but do no damage.
The fire elemental is severely damaged.
The fire elemental hits you. The fire elemental burns you!
The fire elemental hits you. The fire elemental burns you!
The fire elemental barely misses you. The fire elemental hits you.
The fire elemental burns you! The fire elemental barely misses you.
You block the fire elemental's attack.
You mangle the fire elemental!!
You destroy the fire elemental!
That felt strangely unrewarding.
You block the fire elemental's attack. The fire elemental hits you.
The fire elemental burns you! The fire elemental hits you.
The fire elemental burns you!
You die...

...............77
...............7
.##..........77
#...........77
###.?........7
##.........77
#...........7
##.........77
##@E.......7
##E.......7
0.......77
..........7
...........7
...........77
........#.#.7
..........#..77
.........#


You could see 2 fire elementals.

Vanquished Creatures
  Joseph (D:9)
  A cane toad (Lair:1)
  13 yaks (D:9)
  A fire elemental (Lair:1)
  5 wyverns
  4 fire bats (D:8)
  A hell hound (D:8)
  4 water moccasins (D:9)
  4 orc warriors
  2 black bears
  An ice beast (D:5)
  2 ogres (D:6)
  2 centaurs
  A phantom (D:5)
  2 scorpions
  A bullfrog (D:9)
  A necrophage (D:4)
  2 gnoll sergeants (D:8)
  10 killer bees (D:9)
  2 howler monkeys (D:6)
  A hound (D:4)
  3 gnoll boudas
  7 orc priests
  4 iguanas
  10 orc wizards
  12 adders
  19 gnolls
  A shadow imp (D:8)
  3 worms
  2 dart slugs
  33 orcs
  5 endoplasms
  5 giant cockroaches
  5 goblins
  2 hobgoblins (D:4)
  3 quokkas
  8 ball pythons
  3 bats
  3 frilled lizards (D:1)
  2 kobolds
  2 fire vortices (D:8)
193 creatures vanquished.

Vanquished Creatures (others)
  A fire vortex (D:8)
  3 fungi (D:9)
  19 plants (D:9)
23 creatures vanquished.

Grand Total: 216 creatures vanquished

Notes
Turn   | Place    | Note
-------+----------+-------------------------------------------
     0 | D:1      | qw the Troll Cinder Acolyte began the quest for the Orb.
     0 | D:1      | Reached XP level 1. HP: 22/22 MP: 1/1
     0 | D:1      | 0 ||| qw: Version: 0.1-a-97-g2dd2ca4
     0 | D:1      | 0 ||| qw: Game counter: 4720
     0 | D:1      | 0 ||| qw: Always use a shield: true
     0 | D:1      | 0 ||| qw: God list: Okawaru
     0 | D:1      | 0 ||| qw: Allow faded altars: false
     0 | D:1      | 0 ||| qw: Do Orc after D:15 true
     0 | D:1      | 0 ||| qw: Do second Lair branch before Depths: true
     0 | D:1      | 0 ||| qw: Lair rune preference: random
     0 | D:1      | 0 ||| qw: Plans: Normal
     0 | D:1      | 0 ||| PLANNING D:1-11
   265 | D:1      | Reached XP level 2. HP: 29/29 MP: 2/2
   667 | D:1      | 667 ||| UPGRADING to scarf of repulsion.
   672 | D:1      | 672 ||| READING 2 scrolls labelled ZOIHAC MIUGH.
   673 | D:1      | 673 ||| READING 2 scrolls labelled WEAR LECHEIT.
   676 | D:1      | 676 ||| READING scroll labelled LOSANU UJOST.
   677 | D:1      | 677 ||| READING scroll labelled NIVABL LOUGHE.
   678 | D:1      | 678 ||| READING scroll labelled QOXO NARRYES.
   679 | D:1      | 679 ||| DRINKING 2 blue potions.
   707 | D:1      | 707 ||| DRINKING 3 purple potions.
   708 | D:1      | 708 ||| DROPPING potion of lignification.
   709 | D:1      | 709 ||| DROPPING 2 potions of attraction.
   788 | D:2      | Found a bloodstained altar of Trog.
   802 | D:2      | Reached skill level 4 in Unarmed Combat
   858 | D:2      | Reached XP level 3. HP: 36/36 MP: 3/3
  1371 | D:2      | 1371 ||| Stepping ~*~*~tactically~*~*~ (stealth).
  1682 | D:2      | 1682 ||| READING 2 scrolls labelled OMARIS QEIL.
  1683 | D:2      | 1683 ||| READING scroll labelled NOSAITZ FAFEUX.
  1684 | D:2      | 1684 ||| DRINKING 2 lumpy cyan potions.
  1685 | D:2      | 1685 ||| DROPPING potion of invisibility.
  1686 | D:2      | 1686 ||| DROPPING scroll of immolation.
  1795 | D:3      | Reached skill level 5 in Unarmed Combat
  1795 | D:3      | Reached XP level 4. HP: 44/44 MP: 4/4
  1877 | D:3      | 1877 ||| INVOKING Fiery Armour.
  1888 | D:3      | 1888 ||| FLEEEEING.
  1889 | D:3      | 1889 ||| FLEEEEING.
  1890 | D:3      | 1890 ||| FLEEEEING.
  1893 | D:3      | HP: 10/44 [orc priest/divine providence (14)]
  1894 | D:3      | 1894 ||| READING scroll of teleportation.
  1894 | D:3      | HP: 2/44 [orc priest/divine providence (9)]
  1895 | D:3      | Reached XP level 5. HP: 2/50 MP: 5/5
  1897 | D:3      | Reached skill level 6 in Unarmed Combat
  2368 | D:3      | 2368 ||| DROPPING scarf of harm.
  2369 | D:3      | 2369 ||| READING scroll labelled RUWKES OVVYNWI.
  2370 | D:3      | 2370 ||| READING scroll labelled VUFEVV XETRU.
  2371 | D:3      | 2371 ||| READING 2 scrolls of identify.
  2371 | D:3      | 2371 ||| IDENTIFYING bubbling purple potion
  2385 | D:4      | 2385 ||| INVOKING Fiery Armour.
  2390 | D:4      | 2390 ||| Stepping ~*~*~tactically~*~*~ (outnumbered).
  2391 | D:4      | 2391 ||| Stepping ~*~*~tactically~*~*~ (outnumbered).
  2392 | D:4      | 2392 ||| Stepping ~*~*~tactically~*~*~ (outnumbered).
  2394 | D:4      | 2394 ||| Stepping ~*~*~tactically~*~*~ (outnumbered).
  2395 | D:4      | 2395 ||| Stepping ~*~*~tactically~*~*~ (outnumbered).
  2401 | D:4      | Reached XP level 6. HP: 30/59 MP: 6/6
  2406 | D:4      | Reached skill level 7 in Unarmed Combat
  2453 | D:4      | Found an opulent altar of Gozag.
  2456 | D:4      | Found Gozag's Platinum Reserve.
  2483 | D:4      | 2483 ||| SHOPLISTING amulet "Gyst" {rC- Regen+ Str-5 Dex+9}
                  | (3840 gold, have 158).
  2483 | D:4      | 2483 ||| SHOPLISTING amulet of Tuywuyscholy {Spirit Regen+
                  | Str+2} (4120 gold, have 158).
  2534 | D:4      | 2534 ||| Stepping ~*~*~tactically~*~*~ (hiding).
  2681 | D:4      | Found Manebra's Vocational Training.
  2750 | D:4      | Found a transporter.
  2760 | D:4      | Found a glowing silver altar of Zin.
  2839 | D:4      | Found a staircase to the Ecumenical Temple.
  2945 | D:4      | Found a transporter.
  2945 | D:4      | Noticed qw's ghost (amateur TeWr)
  2948 | D:4      | Found a one-way gate to the infinite horrors of the Abyss.
  3019 | D:4      | 3019 ||| READING 2 scrolls labelled TUWAEP AFARE.
  3020 | D:4      | 3020 ||| DRINKING 3 dark potions.
  3021 | D:4      | 3021 ||| READING 3 scrolls of identify.
  3021 | D:4      | 3021 ||| IDENTIFYING black potion
  3022 | D:4      | 3022 ||| READING 2 scrolls of identify.
  3022 | D:4      | 3022 ||| IDENTIFYING silvery potion
  3023 | D:4      | 3023 ||| DROPPING potion of brilliance.
  3024 | D:4      | 3024 ||| DROPPING scroll of amnesia.
  3032 | D:5      | Entered Level 5 of the Dungeon
  3036 | D:5      | 3036 ||| Stepping ~*~*~tactically~*~*~ (stealth).
  3073 | D:5      | 3073 ||| Stepping ~*~*~tactically~*~*~ (hiding).
  3079 | D:5      | 3079 ||| INVOKING Fiery Armour.
  3081 | D:5      | Reached skill level 8 in Unarmed Combat
  3084 | D:5      | 3084 ||| Stepping ~*~*~tactically~*~*~ (stealth).
  3087 | D:5      | 3087 ||| DRINKING 2 potions of curing.
  3087 | D:5      | 3087 ||| (to cure confusion)
  3089 | D:5      | Reached XP level 7. HP: 66/66 MP: 7/7
  3092 | D:5      | 3092 ||| Stepping ~*~*~tactically~*~*~ (stealth).
  3093 | D:5      | 3093 ||| Stepping ~*~*~tactically~*~*~ (stealth).
  3105 | D:5      | Reached skill level 3 in Fighting
  3138 | D:5      | Identified the +1 ring mail "Leweab" {*Corrode Int+5}
  3177 | D:5      | Found an iron altar of Okawaru.
  3411 | D:5      | Found a stormy altar of Qazlal.
  3470 | D:5      | 3470 ||| UPGRADING to ring of positive energy.
  3471 | D:5      | 3471 ||| READING scroll labelled IRHEOH KIERUNK.
  3472 | D:5      | 3472 ||| READING scroll labelled ERCHICZIMEQ.
  3473 | D:5      | 3473 ||| READING 2 scrolls of identify.
  3473 | D:5      | 3473 ||| IDENTIFYING fizzy inky potion
  3485 | D:6      | Found Ajig's Gadget Gallery.
  3521 | D:6      | 3521 ||| Stepping ~*~*~tactically~*~*~ (hiding).
  3529 | D:6      | 3529 ||| FLEEEEING.
  3588 | D:6      | 3588 ||| Stepping ~*~*~tactically~*~*~ (stealth).
  3590 | D:6      | 3590 ||| Stepping ~*~*~tactically~*~*~ (stealth).
  3695 | D:6      | Reached skill level 9 in Unarmed Combat
  3719 | D:6      | Reached skill level 1 in Throwing
  3719 | D:6      | Reached XP level 8. HP: 75/75 MP: 8/8
  3735 | D:6      | Found a runed translucent door.
  3735 | D:6      | Noticed qw's ghost (novice TrCA)
  3735 | D:6      | Noticed a two-headed ogre
  3846 | D:6      | 3846 ||| Stepping ~*~*~tactically~*~*~ (outnumbered).
  3847 | D:6      | 3847 ||| Stepping ~*~*~tactically~*~*~ (outnumbered).
  3849 | D:6      | 3849 ||| Stepping ~*~*~tactically~*~*~ (outnumbered).
  3857 | D:6      | 3857 ||| INVOKING Fiery Armour.
  3858 | D:6      | 3858 ||| FLEEEEING.
  3859 | D:6      | 3859 ||| FLEEEEING.
  3860 | D:6      | 3860 ||| FLEEEEING.
  3861 | D:6      | 3861 ||| FLEEEEING.
  3862 | D:6      | 3862 ||| FLEEEEING.
  3863 | D:6      | 3863 ||| FLEEEEING.
  3864 | D:6      | 3864 ||| FLEEEEING.
  3865 | D:6      | 3865 ||| FLEEEEING.
  3866 | D:6      | 3866 ||| FLEEEEING.
  3867 | D:6      | 3867 ||| FLEEEEING.
  3868 | D:6      | 3868 ||| FLEEEEING.
  3869 | D:6      | 3869 ||| FLEEEEING.
  3871 | D:6      | 3871 ||| STAIRDANCE
  3897 | D:5      | 3897 ||| DRINKING 2 sedimented clear potions.
  3898 | D:5      | 3898 ||| DROPPING potion of degeneration.
  3902 | D:6      | 3902 ||| STAIRDANCE
  4288 | D:6      | 4288 ||| READING scroll of teleportation.
  4357 | D:7      | 4357 ||| STAIRDANCE
  4404 | D:7      | 4404 ||| STAIRDANCE
  4407 | D:6      | 4407 ||| INVOKING Fiery Armour.
  4412 | D:6      | Reached skill level 10 in Unarmed Combat
  4500 | D:7      | 4500 ||| STAIRDANCE
  4545 | D:7      | 4545 ||| STAIRDANCE
  4590 | D:7      | 4590 ||| STAIRDANCE
  5268 | D:7      | Found a glowing golden altar of the Shining One.
  5273 | D:7      | 5273 ||| DRINKING 2 bubbling orange potions.
  5378 | D:7      | 5378 ||| READING 2 scrolls of identify.
  5378 | D:7      | 5378 ||| IDENTIFYING fuming orange potion
  5379 | D:7      | 5379 ||| DROPPING potion of berserk rage.
  5451 | D:8      | 5451 ||| INVOKING Fiery Armour.
  5457 | D:8      | 5457 ||| Stepping ~*~*~tactically~*~*~ (outnumbered).
  5458 | D:8      | 5458 ||| Stepping ~*~*~tactically~*~*~ (outnumbered).
  5460 | D:8      | 5460 ||| Stepping ~*~*~tactically~*~*~ (outnumbered).
  5461 | D:8      | 5461 ||| Stepping ~*~*~tactically~*~*~ (outnumbered).
  5462 | D:8      | 5462 ||| Stepping ~*~*~tactically~*~*~ (outnumbered).
  5469 | D:8      | 5469 ||| Stepping ~*~*~tactically~*~*~ (outnumbered).
  5580 | D:8      | 5580 ||| Stepping ~*~*~tactically~*~*~ (outnumbered).
  5581 | D:8      | Reached skill level 11 in Unarmed Combat
  5581 | D:8      | 5581 ||| Stepping ~*~*~tactically~*~*~ (outnumbered).
  5586 | D:8      | 5586 ||| INVOKING Fiery Armour.
  5588 | D:8      | Reached skill level 1 in Dodging
  5683 | D:8      | 5683 ||| Stepping ~*~*~tactically~*~*~ (stealth).
  5688 | D:8      | Reached XP level 9. HP: 84/84 MP: 9/9
  5769 | D:8      | 5769 ||| DRINKING 4 potions of curing.
  5769 | D:8      | 5769 ||| (to cure confusion)
  5771 | D:8      | 5771 ||| INVOKING Fiery Armour.
  5849 | D:8      | 5849 ||| Stepping ~*~*~tactically~*~*~ (outnumbered).
  5850 | D:8      | 5850 ||| Stepping ~*~*~tactically~*~*~ (hiding).
  5853 | D:8      | 5853 ||| Stepping ~*~*~tactically~*~*~ (outnumbered).
  5857 | D:8      | 5857 ||| Stepping ~*~*~tactically~*~*~ (outnumbered).
  5882 | D:8      | Reached skill level 12 in Unarmed Combat
  6085 | D:8      | 6085 ||| Stepping ~*~*~tactically~*~*~ (stealth).
  6101 | D:8      | 6101 ||| INVOKING Fiery Armour.
  6116 | D:8      | 6116 ||| Stepping ~*~*~tactically~*~*~ (outnumbered).
  6183 | D:8      | 6183 ||| Stepping ~*~*~tactically~*~*~ (outnumbered).
  6193 | D:8      | 6193 ||| FLEEEEING.
  6198 | D:8      | 6198 ||| FLEEEEING.
  6199 | D:8      | 6199 ||| FLEEEEING.
  6200 | D:8      | 6200 ||| FLEEEEING.
  6201 | D:8      | 6201 ||| FLEEEEING.
  6202 | D:8      | 6202 ||| FLEEEEING.
  6203 | D:8      | 6203 ||| FLEEEEING.
  6301 | D:8      | 6301 ||| UPGRADING to +0 kite shield.
  6306 | D:8      | 6306 ||| READING scroll labelled GEDUIN EXKYT.
  6334 | D:9      | Found a shadowy altar of Dithmenos.
  6337 | D:9      | 6337 ||| Stepping ~*~*~tactically~*~*~ (stealth).
  6338 | D:9      | 6338 ||| Stepping ~*~*~tactically~*~*~ (stealth).
  6342 | D:9      | 6342 ||| Stepping ~*~*~tactically~*~*~ (stealth).
  6343 | D:9      | 6343 ||| INVOKING Fiery Armour.
  6346 | D:9      | 6346 ||| Stepping ~*~*~tactically~*~*~ (outnumbered).
  6347 | D:9      | 6347 ||| Stepping ~*~*~tactically~*~*~ (outnumbered).
  6348 | D:9      | 6348 ||| Stepping ~*~*~tactically~*~*~ (outnumbered).
  6349 | D:9      | 6349 ||| Stepping ~*~*~tactically~*~*~ (outnumbered).
  6350 | D:9      | 6350 ||| Stepping ~*~*~tactically~*~*~ (outnumbered).
  6351 | D:9      | 6351 ||| DRINKING 4 potions of curing.
  6351 | D:9      | 6351 ||| (to cure confusion)
  6352 | D:9      | 6352 ||| Stepping ~*~*~tactically~*~*~ (outnumbered).
  6353 | D:9      | 6353 ||| Stepping ~*~*~tactically~*~*~ (outnumbered).
  6355 | D:9      | 6355 ||| Stepping ~*~*~tactically~*~*~ (outnumbered).
  6356 | D:9      | 6356 ||| Stepping ~*~*~tactically~*~*~ (outnumbered).
  6357 | D:9      | 6357 ||| Stepping ~*~*~tactically~*~*~ (outnumbered).
  6359 | D:9      | Reached skill level 1 in Shields
  6359 | D:9      | 6359 ||| Stepping ~*~*~tactically~*~*~ (outnumbered).
  6360 | D:9      | 6360 ||| STAIRDANCE
  6413 | D:9      | 6413 ||| Stepping ~*~*~tactically~*~*~ (outnumbered).
  6420 | D:9      | Reached skill level 3 in Shields
  6581 | D:9      | Found a sacrificial altar of Ru.
  6587 | D:9      | Found a hide-covered altar of Uskayaw.
  6714 | D:9      | 6714 ||| Stepping ~*~*~tactically~*~*~ (stealth).
  6765 | D:9      | Reached XP level 10. HP: 96/96 MP: 10/10
  6765 | D:9      | Found a staircase to the Lair.
  6770 | D:9      | 6770 ||| INVOKING Fiery Armour.
  6775 | D:9      | 6775 ||| Stepping ~*~*~tactically~*~*~ (outnumbered).
  6776 | D:9      | 6776 ||| Stepping ~*~*~tactically~*~*~ (outnumbered).
  6786 | D:9      | HP: 24/96 [yak (11)]
  6787 | D:9      | 6787 ||| READING scroll of teleportation.
  6788 | D:9      | 6788 ||| DRINKING 5 potions of heal wounds.
  6789 | D:9      | 6789 ||| DRINKING 4 potions of heal wounds.
  6790 | D:9      | 6790 ||| Stepping ~*~*~tactically~*~*~ (outnumbered).
  6791 | D:9      | 6791 ||| Stepping ~*~*~tactically~*~*~ (outnumbered).
  6884 | D:9      | Reached skill level 6 in Shields
  6890 | D:9      | 6890 ||| FLEEEEING.
  6891 | D:9      | 6891 ||| FLEEEEING.
  6892 | D:9      | 6892 ||| FLEEEEING.
  6893 | D:9      | 6893 ||| FLEEEEING.
  6894 | D:9      | 6894 ||| FLEEEEING.
  6915 | D:9      | 6915 ||| INVOKING Fiery Armour.
  6916 | D:9      | 6916 ||| Stepping ~*~*~tactically~*~*~ (outnumbered).
  6918 | D:9      | 6918 ||| Stepping ~*~*~tactically~*~*~ (outnumbered).
  6925 | D:9      | 6925 ||| Stepping ~*~*~tactically~*~*~ (outnumbered).
  6999 | D:9      | Noticed Joseph
  7000 | D:9      | 7000 ||| Stepping ~*~*~tactically~*~*~ (hiding).
  7001 | D:9      | 7001 ||| Stepping ~*~*~tactically~*~*~ (hiding).
  7003 | D:9      | 7003 ||| Stepping ~*~*~tactically~*~*~ (hiding).
  7015 | D:9      | Killed Joseph
  7070 | D:9      | 7070 ||| Stepping ~*~*~tactically~*~*~ (hiding).
  7077 | D:9      | 7077 ||| INVOKING Fiery Armour.
  7080 | D:9      | 7080 ||| Stepping ~*~*~tactically~*~*~ (outnumbered).
  7081 | D:9      | HP: 13/96 [orc warrior/+0 halberd (15)]
  7082 | D:9      | 7082 ||| DRINKING 3 potions of heal wounds.
  7083 | D:9      | 7083 ||| Stepping ~*~*~tactically~*~*~ (outnumbered).
  7084 | D:9      | 7084 ||| Stepping ~*~*~tactically~*~*~ (outnumbered).
  7085 | D:9      | 7085 ||| Stepping ~*~*~tactically~*~*~ (outnumbered).
  7087 | D:9      | 7087 ||| Stepping ~*~*~tactically~*~*~ (outnumbered).
  7089 | D:9      | 7089 ||| Stepping ~*~*~tactically~*~*~ (outnumbered).
  7090 | D:9      | 7090 ||| Stepping ~*~*~tactically~*~*~ (outnumbered).
  7091 | D:9      | 7091 ||| Stepping ~*~*~tactically~*~*~ (outnumbered).
  7094 | D:9      | 7094 ||| Stepping ~*~*~tactically~*~*~ (outnumbered).
  7099 | D:9      | HP: 24/96 [orc warrior/+0 halberd (18)]
  7100 | D:9      | 7100 ||| DRINKING 2 potions of heal wounds.
  7104 | D:9      | 7104 ||| DRINKING potion of heal wounds.
  7107 | D:9      | HP: 14/96 [orc warrior/+0 halberd (15)]
  7114 | D:9      | HP: 1/96 [yak (11)]
  7260 | D:9      | 7260 ||| PLANNING CONVERSION TO OKAWARU
  7338 | D:5      | Fell from the grace of Ignis
  7338 | D:5      | Became a worshipper of Warmaster Okawaru
  7339 | D:5      | 7339 ||| PLANNING LAIR
  7339 | D:5      | 7339 ||| READING 2 scrolls of identify.
  7339 | D:5      | 7339 ||| IDENTIFYING murky cyan potion
  7435 | Lair:1   | Entered Level 1 of the Lair of Beasts
  7484 | Lair:1   | Noticed a cane toad
  7493 | Lair:1   | Killed a cane toad
  7494 | Lair:1   | Reached skill level 9 in Shields
  7536 | Lair:1   | 7536 ||| Stepping ~*~*~tactically~*~*~ (outnumbered).
  7541 | Lair:1   | HP: 16/96 [fire elemental[the fiery vengeance of Ignis]
                  | (12)]
  7542 | Lair:1   | HP: 7/96 [fire elemental[the fiery vengeance of Ignis]
                  | (10)]
  7542 | Lair:1   | Slain by a fire elemental

Levels and vault maps discovered:
D:1:      lemuel_arrival_funnel, layout_loops_ring,
          chequers_serial_rivers_large_b
D:2:      layout_loops_corners, corexii_hall_statues_deadend,
          minmay_hexomino_r4, uniq_crazy_yiuf_cottage
D:3:      layout_basic
D:4:      layout_cave_pools, nicolae_gozag_zags_fifth_avenue, zin_academy,
          temple_green, gammafunk_ghost_abyssal_escape, nicolae_shop_vocational
D:5:      layout_basic, mainiacjoe_overflow_small_starburst,
          mainiacjoe_overflow_surrounded_room
D:6:      layout_loops_ring, ebering_ghost_inner_flame, nicolae_shop_gadgets
D:7:      layout_loops_ring, tso_altar, st_stairs_5
D:8:      layout_rooms, st_stairs_5, hangedman_incinerator
D:9:      minmay_angry_zag, layout_basic, minitemple,
          nicolae_dithmenos_shadow_blocks, minmay_lair_entry_grove, uniq_joseph
Lair:1:   gammafunk_lair_enchanted_lake, layout_cave_shapes, grunt_megastairs_4

Skill      XL: |  1  2  3  4  5  6  7  8  9 10 |
---------------+-------------------------------+-----
Unarmed Combat | 4 5 6 8 9 11 12 | 12.3
Fighting       | 3 4 5 |  5.3
Throwing       | 1 |  1.6
Dodging        | 1 |  1.0
Shields        | 4 9 |  9.2
Spellcasting   | |  1.0
Fire Magic     | |  2.1

Action                   |  1- 3 |  4- 6 |  7- 9 | 10-12 || total
-------------------------+-------+-------+-------+-------++-------
Melee: Unarmed           |    75 |    64 |   232 |   106 ||   477
       Punch             |     3 |     3 |     9 |       ||    15
Throw: Boomerang         |       |    25 |    48 |    11 ||    84
Invok: Fiery Armour      |       |     3 |     7 |     3 ||    13
  Use: Scroll            |     7 |     7 |     6 |     2 ||    22
       Potion            |     3 |     2 |     4 |     5 ||    14
Armor: Robe              |    23 |    22 |   100 |    32 ||   177
Dodge: Dodged            |    20 |    27 |   106 |    47 ||   200
Block: Kite shield       |       |       |     8 |    61 ||    69

Table legend:
 A = Non-vault XP
 B = Vault XP
 C = Vault XP percentage of total XP
 D = Non-vault monster count
 E = Vault monster count
 F = Vault count percentage of total count
                 A         B        C        D         E       F
            +---------+---------+-------+---------+---------+-------
      Total |    5931 |    4454 |  42.9 |     161 |      29 |  15.3
            +---------+---------+-------+---------+---------+-------
        D:1 |      22 |       0 |   0.0 |      15 |       0 |   0.0
        D:2 |      59 |      11 |  15.7 |      12 |       4 |  25.0
        D:3 |     155 |       0 |   0.0 |      16 |       0 |   0.0
        D:4 |     400 |       0 |   0.0 |      15 |       0 |   0.0
        D:5 |     431 |       0 |   0.0 |      15 |       0 |   0.0
        D:6 |     988 |       0 |   0.0 |      19 |       0 |   0.0
        D:7 |     160 |       3 |   1.8 |       6 |       1 |  14.3
        D:8 |    1166 |    1130 |  49.2 |      40 |       7 |  14.9
        D:9 |    2117 |    3310 |  61.0 |      22 |      17 |  43.6
     Lair:1 |     433 |       0 |   0.0 |       1 |       0 |   0.0
            +---------+---------+-------+---------+---------+-------
